PAA
CASPER GHOSTS @ MERCER ISLAND SCREAMING EAGLES
09/05/2022
 
TOP OF THE 1ST
Casper Ghosts batting - Pitching for Mercer Island Screaming Eagles : LHP Tim Harris
Pitching: LHP Tim Harris
Batting: SHB Tim Fowler 0-0: Called Strike
0-1: Foul Ball, location: 2F
0-2: Ball
1-2: Ball
2-2: Strikes out swinging
Batting: RHB Warner Robinson 0-0: Ball
1-0: Ball
2-0: Foul Ball, location: 2F
2-1: Ball
3-1: Base on Balls
Batting: RHB Phil Baker 0-0: Called Strike
0-1: Fly out, F3 (Popup, 3F)
Batting: RHB Ron Coffman 0-0: Ball
1-0: Called Strike
1-1: Foul Ball, location: 2F
1-2: Foul Ball, location: 2F
1-2: Foul Ball, location: 2F
1-2: Strikes out looking
Top of the 1st over - 0 run(s), 0 hit(s), 0 error(s), 1 left on base; Casper 0 - Mercer Island 0
BOTTOM OF THE 1ST
Mercer Island Screaming Eagles batting - Pitching for Casper Ghosts : RHP Jeremy de Vos
Pitching: RHP Jeremy de Vos
Batting: RHB Jim Unknown 0-0: Foul Ball, location: 2F
0-1: Ball
1-1: Ball
2-1: Ball
3-1: SINGLE (Flyball, 8RS)
Batting: LHB Gregg Young 0-0: Ball
1-0: Ball
2-0: Called Strike
2-1: DOUBLE (Line Drive, 7LD)
Jim Unknown to third
Batting: RHB Jason Ruffin 0-0: SINGLE (Line Drive, 89S)
Jim Unknown scores
Gregg Young to third
Batting: RHB Luis Antonio Hernández 0-0: Called Strike
0-1: Called Strike
0-2: Ball
1-2: Strikes out looking
Batting: LHB Jorge Pérez 0-0: Ball
Wild Pitch!
Gregg Young scores
Jason Ruffin to second
1-0: Foul Ball, location: 2F
1-1: Reached on error, E6 (Groundball, 6M)
Jason Ruffin to third
Batting: RHB Shawn McCormack 0-0: Ball
1-0: Swinging Strike
1-1: Foul Ball, location: 2F
1-2: Ball
2-2: Strikes out swinging
Batting: RHB Mario Blanco 0-0: Called Strike
0-1: Ball
1-1: Ball
2-1: Swinging Strike
2-2: Foul Ball, location: 2F
2-2: Foul Ball, location: 2F
2-2: Strikes out swinging
Bottom of the 1st over - 2 run(s), 3 hit(s), 1 error(s), 2 left on base; Casper 0 - Mercer Island 2
TOP OF THE 2ND
Casper Ghosts batting - Pitching for Mercer Island Screaming Eagles : LHP Tim Harris
Batting: SHB Erjan Kerstens 0-0: Ball
1-0: Called Strike
1-1: Swinging Strike
1-2: Ball
2-2: Ground out 5-3 (Groundball, 5)
Batting: RHB Anbrosio Oppenes 0-0: Ball
1-0: Ball
2-0: Ground out 5-3 (Groundball, 56)
Batting: LHB Harrison Jones 0-0: Ball
1-0: SINGLE (Flyball, 6MD)
Batting: RHB Roberto De La Cruz 0-0: Ball
1-0: Called Strike
1-1: Ball
2-1: Called Strike
2-2: Strikes out swinging
Top of the 2nd over - 0 run(s), 1 hit(s), 0 error(s), 1 left on base; Casper 0 - Mercer Island 2
BOTTOM OF THE 2ND
Mercer Island Screaming Eagles batting - Pitching for Casper Ghosts : RHP Jeremy de Vos
Batting: SHB Andrew Baker 0-0: Ball
1-0: Ball
2-0: Ball
3-0: Called Strike
3-1: Base on Balls
Batting: RHB Alan Rosales 0-0: Ball
1-0: Foul Ball, location: 2F
1-1: Ball
2-1: Ball
3-1: Fly out, F8 (Flyball, 8RS)
Batting: RHB Jim Unknown 0-0: Swinging Strike
0-1: Ball
1-1: Foul Ball, location: 2F
1-2: Ball
2-2: Foul Ball, location: 2F
2-2: Foul Ball, location: 2F
2-2: SINGLE (Line Drive, 34)
Andrew Baker to second
Batting: LHB Gregg Young 0-0: Ball
1-0: Ball
2-0: Ball
3-0: Foul Ball, location: 2F
3-1: Base on Balls
Andrew Baker to third
Jim Unknown to second
Batting: RHB Jason Ruffin 0-0: Ball
1-0: Swinging Strike
1-1: Foul Ball, location: 2F
1-2: Fly out, F4 (Popup, 3DF)
Batting: RHB Luis Antonio Hernández 0-0: Fly out, F8 (Flyball, 89M)
Bottom of the 2nd over - 0 run(s), 1 hit(s), 0 error(s), 3 left on base; Casper 0 - Mercer Island 2
TOP OF THE 3RD
Casper Ghosts batting - Pitching for Mercer Island Screaming Eagles : LHP Tim Harris
Batting: SHB Alonso Rodríguez 0-0: Fly out, F7 (Flyball, 78M)
Batting: SHB Tim Fowler 0-0: Ball
1-0: DOUBLE (Line Drive, 7M)
Batting: RHB Warner Robinson 0-0: Ball
1-0: Fly out, F8 (Flyball, 8LS)
Batting: RHB Phil Baker 0-0: Ball
1-0: Ball
2-0: Swinging Strike
2-1: Called Strike
2-2: Ball
3-2: Foul Ball, location: 2F
3-2: Foul Ball, location: 2F
3-2: Base on Balls
Batting: RHB Ron Coffman 0-0: Ball
1-0: Foul Ball, location: 2F
1-1: Called Strike
1-2: Ball
2-2: Strikes out looking
Top of the 3rd over - 0 run(s), 1 hit(s), 0 error(s), 2 left on base; Casper 0 - Mercer Island 2
BOTTOM OF THE 3RD
Mercer Island Screaming Eagles batting - Pitching for Casper Ghosts : RHP Jeremy de Vos
Batting: LHB Jorge Pérez 0-0: Ball
1-0: Called Strike
1-1: Foul Ball, location: 2F
1-2: Foul Ball, location: 2F
1-2: Foul Ball, location: 2F
1-2: Ball
2-2: Strikes out swinging
Batting: RHB Shawn McCormack 0-0: Called Strike
0-1: Ball
1-1: Ground out 5-3 (Groundball, 5)
Batting: RHB Mario Blanco 0-0: Called Strike
0-1: Ball
1-1: Ball
2-1: SINGLE (Line Drive, 56)
Batting: SHB Andrew Baker 0-0: Ball
Mario Blanco is caught stealing 2nd base
Bottom of the 3rd over - 0 run(s), 1 hit(s), 0 error(s), 0 left on base; Casper 0 - Mercer Island 2
TOP OF THE 4TH
Casper Ghosts batting - Pitching for Mercer Island Screaming Eagles : LHP Tim Harris
Batting: SHB Erjan Kerstens 0-0: Called Strike
0-1: Foul Ball, location: 2F
0-2: Foul Ball, location: 2F
0-2: Ball
1-2: Foul Ball, location: 2F
1-2: Strikes out swinging
Batting: RHB Anbrosio Oppenes 0-0: SINGLE (Line Drive, 7S)
Batting: LHB Harrison Jones 0-0: Ball
1-0: Foul Ball, location: 2F
1-1: Foul Ball, location: 2F
1-2: Strikes out swinging
Batting: RHB Roberto De La Cruz 0-0: Ball
1-0: Foul Ball, location: 2F
1-1: Swinging Strike
1-2: Ball
2-2: Fly out, F9 (Popup, 9S)
Top of the 4th over - 0 run(s), 1 hit(s), 0 error(s), 1 left on base; Casper 0 - Mercer Island 2
BOTTOM OF THE 4TH
Mercer Island Screaming Eagles batting - Pitching for Casper Ghosts : RHP Jeremy de Vos
Batting: SHB Andrew Baker 0-0: Ball
1-0: Ball
2-0: Ball
3-0: Called Strike
3-1: SINGLE (Line Drive, 4M)
Batting: RHB Alan Rosales 0-0: DOUBLE (Flyball, 7D)
Andrew Baker to third
Runner from 3rd tries for Home, SAFE, throw made home
Batting: RHB Jim Unknown 0-0: Foul Ball, location: 2F
0-1: Ground out 5-3 (Groundball, 5S)
Alan Rosales to third
Batting: LHB Gregg Young 0-0: Ball
1-0: Called Strike
1-1: Fly out, F8 (Flyball, 78M)
Runner from 3rd tags up, OUT at HOME
Bottom of the 4th over - 1 run(s), 2 hit(s), 0 error(s), 0 left on base; Casper 0 - Mercer Island 3
TOP OF THE 5TH
Casper Ghosts batting - Pitching for Mercer Island Screaming Eagles : LHP Tim Harris
Batting: SHB Alonso Rodríguez 0-0: Ball
1-0: Ground out 5-3 (Groundball, 56)
Batting: SHB Tim Fowler 0-0: Ball
1-0: Foul Ball, location: 2F
1-1: Ball
2-1: Reached on error, E4 (Groundball, 4)
Batting: RHB Warner Robinson 0-0: Ball
1-0: Ground out 4-3 (Groundball, 4M)
Tim Fowler to second
Batting: RHB Phil Baker 0-0: Called Strike
0-1: Ball
1-1: Fly out, F8 (Flyball, 8RM)
Top of the 5th over - 0 run(s), 0 hit(s), 1 error(s), 1 left on base; Casper 0 - Mercer Island 3
BOTTOM OF THE 5TH
Mercer Island Screaming Eagles batting - Pitching for Casper Ghosts : RHP Jeremy de Vos
Batting: RHB Jason Ruffin 0-0: Ball
1-0: Fly out, F8 (Popup, 4MD)
Batting: RHB Luis Antonio Hernández 0-0: Called Strike
0-1: Ball
1-1: Ball
2-1: SINGLE (Flyball, 8LS)
Batting: LHB Jorge Pérez 0-0: Called Strike
0-1: Swinging Strike
0-2: Ball
1-2: Strikes out swinging
Batting: RHB Shawn McCormack 0-0: Called Strike
0-1: Called Strike
0-2: Ball
1-2: Ball
2-2: Ball
3-2: Base on Balls
Luis Antonio Hernández to second
Pitching: RHP Robert Bell
Batting: RHB Mario Blanco 0-0: Ground out 5-3 (Groundball, 56S)
Bottom of the 5th over - 0 run(s), 1 hit(s), 0 error(s), 2 left on base; Casper 0 - Mercer Island 3
TOP OF THE 6TH
Casper Ghosts batting - Pitching for Mercer Island Screaming Eagles : LHP Tim Harris
Batting: RHB Ron Coffman 0-0: Fly out, F7 (Flyball, 7D)
Batting: SHB Erjan Kerstens 0-0: Ball
1-0: Called Strike
1-1: Ball
2-1: Swinging Strike
2-2: Ball
3-2: Foul Ball, location: 2F
3-2: Base on Balls
Pitching: RHP Pedro Álvarez
Batting: RHB Anbrosio Oppenes 0-0: Called Strike
0-1: Ball
1-1: Ball
2-1: Foul Ball, location: 2F
2-2: Grounds into double play, 4-6-3 (Groundball, 4M)
Top of the 6th over - 0 run(s), 0 hit(s), 0 error(s), 0 left on base; Casper 0 - Mercer Island 3
BOTTOM OF THE 6TH
Mercer Island Screaming Eagles batting - Pitching for Casper Ghosts : RHP Robert Bell
Batting: SHB Andrew Baker 0-0: Called Strike
0-1: Ball
1-1: Ball
2-1: Foul Ball, location: 2F
2-2: Ball
3-2: Base on Balls
Batting: RHB Alan Rosales 0-0: Ground out 5-3 (Groundball, 56S)
Andrew Baker to second
Batting: RHB Jim Unknown 0-0: Fly out, F5 (Popup, 5F)
Batting: LHB Gregg Young 0-0: Called Strike
0-1: Ball
Wild Pitch!
Andrew Baker to third
1-1: Swinging Strike
1-2: Strikes out swinging
Bottom of the 6th over - 0 run(s), 0 hit(s), 0 error(s), 1 left on base; Casper 0 - Mercer Island 3
TOP OF THE 7TH
Casper Ghosts batting - Pitching for Mercer Island Screaming Eagles : RHP Pedro Álvarez
Batting: LHB Harrison Jones 0-0: Bunt missed!
0-1: Foul Ball, location: 2F
0-2: Ball
1-2: Ball
2-2: SINGLE (Groundball, 5D)
Batting: RHB Roberto De La Cruz 0-0: Ball
1-0: Sac Bunt - play at first, batter OUT! 5-4
Harrison Jones to second
Batting: SHB Alonso Rodríguez 0-0: Fly out, F5 (Popup, 5SF)
Batting: SHB Tim Fowler 0-0: Ball
1-0: Called Strike
1-1: Ball
2-1: Foul Ball, location: 2F
2-2: Ball
3-2: Foul Ball, location: 2F
3-2: Strikes out swinging
Top of the 7th over - 0 run(s), 1 hit(s), 0 error(s), 1 left on base; Casper 0 - Mercer Island 3
BOTTOM OF THE 7TH
Mercer Island Screaming Eagles batting - Pitching for Casper Ghosts : RHP Robert Bell
Batting: RHB Jason Ruffin 0-0: Ball
1-0: Called Strike
1-1: Swinging Strike
1-2: Ball
2-2: Strikes out swinging
Batting: RHB Luis Antonio Hernández 0-0: SINGLE (Line Drive, 56)
Batting: LHB Jorge Pérez 0-0: Called Strike
0-1: Grounds into double play, 4-6-3 (Groundball, 4)
Bottom of the 7th over - 0 run(s), 1 hit(s), 0 error(s), 0 left on base; Casper 0 - Mercer Island 3
TOP OF THE 8TH
Casper Ghosts batting - Pitching for Mercer Island Screaming Eagles : RHP Pedro Álvarez
Batting: RHB Warner Robinson 0-0: Called Strike
0-1: Bunt for hit - play at first, batter OUT! 1-3
Batting: RHB Phil Baker 0-0: Ball
1-0: Ball
2-0: Called Strike
2-1: Ball
3-1: Base on Balls
Batting: RHB Ron Coffman 0-0: Ball
1-0: Ball
2-0: SINGLE (Groundball, 56D)
Phil Baker to second
Pitching: LHP Manuel Martínez
Batting: SHB Erjan Kerstens 0-0: Ball
1-0: Foul Ball, location: 2F
1-1: Foul Ball, location: 2F
1-2: Foul Ball, location: 2F
1-2: Foul Ball, location: 2F
1-2: Ball
2-2: Foul Ball, location: 2F
2-2: Ball
3-2: Grounds into double play, 1-4-3 (Groundball, 13)
Top of the 8th over - 0 run(s), 1 hit(s), 0 error(s), 1 left on base; Casper 0 - Mercer Island 3
BOTTOM OF THE 8TH
Mercer Island Screaming Eagles batting - Pitching for Casper Ghosts : RHP Robert Bell
Batting: RHB Shawn McCormack 0-0: Ball
1-0: Swinging Strike
1-1: Ball
2-1: Ground out 6-3 (Groundball, 6)
Batting: RHB Mario Blanco 0-0: Ball
1-0: Called Strike
1-1: Ball
2-1: Called Strike
2-2: Foul Ball, location: 2F
2-2: Strikes out swinging
Batting: SHB Andrew Baker 0-0: Called Strike
0-1: Foul Ball, location: 2F
0-2: Foul Ball, location: 2F
0-2: Foul Ball, location: 2F
0-2: Ball
1-2: Foul Ball, location: 2F
1-2: Ball
2-2: Strikes out looking
Bottom of the 8th over - 0 run(s), 0 hit(s), 0 error(s), 0 left on base; Casper 0 - Mercer Island 3
TOP OF THE 9TH
Casper Ghosts batting - Pitching for Mercer Island Screaming Eagles : LHP Manuel Martínez
Pitching: RHP Mario Pérez
Batting: RHB Anbrosio Oppenes 0-0: Foul Ball, location: 2F
0-1: Ball
1-1: Ball
2-1: Swinging Strike
2-2: Strikes out swinging
Batting: LHB Harrison Jones 0-0: Ball
1-0: Ground out 4-3 (Groundball, 4)
Batting: RHB Roberto De La Cruz 0-0: Foul Ball, location: 2F
0-1: Ball
1-1: Called Strike
1-2: Strikes out swinging
Top of the 9th over - 0 run(s), 0 hit(s), 0 error(s), 0 left on base; Casper 0 - Mercer Island 3
This league is powered by Out of the Park Baseball, the baseball management simulation game for PC, Mac and Linux
Friday, April 15th, 2016 - OOTP Baseball 16.9 Build 39